 Dungeon Crawl Stone Soup version 0.25.0-26-g0c896c7 (webtiles) character file.

Game seed: 5036230520967375744

438 rutigerpupkin the Digger (level 7, -8/41 HPs)
             Began as a Gargoyle Earth Elementalist on July 2, 2020.
             Killed themself with a badly aimed fireball (11 damage)
             ... on level 4 of the Dungeon.
             The game lasted 00:10:56 (4327 turns).

rutigerpupkin the Digger (GrEE)                     Turns: 4327, Time: 00:10:56

Health: -8/41      AC:  7    Str: 11    XL:     7   Next: 1%
Magic:  12/12      EV: 12    Int: 18    God:
Gold:   185        SH:  0    Dex: 10    Spells: 12/13 levels left

rFire    . . .     SeeInvis .   y - +1 hand axe (vorpal)
rCold    . . .     Gourm    .   (no shield)
rNeg     + . .     Faith    .   c - +0 robe
rPois    ∞         Spirit   .   (no helmet)
rElec    +         Reflect  .   x - +0 cloak
rCorr    .         Harm     .   (no gloves)
MR       .....                  (no boots)
Stlth    ++........             (no amulet)
HPRegen  0.13/turn              r - -4 ring of slaying (curse)
MPRegen  0.13/turn              (no ring)

@: no status effects
A: negative energy resistance 1, electricity resistance, unbreathing,
petrification resistance, rot immunity, AC +4
a: no special abilities


You were on level 4 of the Dungeon.
You were not hungry.

You visited 1 branch of the dungeon, and saw 4 of its levels.

You collected 185 gold pieces.

Inventory:

Hand Weapons
 h - a +1 spear
 y - a +1 vorpal hand axe (weapon)
 B - a +1 dagger of holy wrath
 D - a +0 spear of flaming
Missiles
 b - 42 stones
 i - 7 curare-tipped darts
 m - 15 poisoned darts (quivered)
Armour
 c - a +0 robe (worn)
 v - a +1 chain mail of cold resistance
 x - a +0 cloak (worn)
Jewellery
 r - a cursed -4 ring of slaying (left hand)
Wands
 u - a wand of random effects (14)
Scrolls
 a - 3 scrolls of enchant weapon
 f - 3 scrolls of magic mapping {unknown}
 j - 2 scrolls of identify {unknown}
 l - 3 scrolls of teleportation
 p - 3 scrolls of amnesia {unknown}
 q - 2 scrolls of blinking {unknown}
 s - a scroll of fog {unknown}
 t - a scroll of remove curse {unknown}
 z - a scroll of noise {unknown}
Potions
 e - 2 potions of lignification {unknown}
 g - 2 potions of might {unknown}
 k - a potion of brilliance {unknown}
 n - a potion of flight {unknown}
 o - a potion of stabbing {unknown}
 w - a potion of magic {unknown}
 A - a potion of heal wounds {unknown}
 C - a potion of degeneration {unknown}
Comestibles
 d - 8 rations


   Skills:
 + Level 3.5 Fighting
 - Level 1.5 Dodging
 - Level 2.1 Stealth
 + Level 3.6 Spellcasting
   Level 0.7 Transmutations
 * Level 7.0 Earth Magic


You had 12 spell levels left.
You knew the following spells:

 Your Spells              Type           Power        Failure   Level  Hunger
a - Sandblast             Erth           ####..       1%          1    None

Your spell library contained the following spells:

 Spells                   Type           Power        Failure   Level  Hunger
 Passwall                 Tmut/Erth      ###.....     4%          2    ##.....
 Stone Arrow              Conj/Erth      ###...       11%         3    ###....
 Lee's Rapid Deconstruct  Erth           ####......   24%         5    ######.
 Petrify                  Tmut/Erth      ###.....     30%         4    ####...


Dungeon Overview and Level Annotations

Branches:
Dungeon (4/15)
 Temple: D:4-7

Altars:
Fedhas
Kikubaaqudgha
Makhleb
Trog
Uskayaw


Innate Abilities, Weirdness & Mutations

You are resistant to torment.
Your stone body is resilient. (AC +4)
You are immune to poison.
You resist negative energy. (rN+)
You are resistant to electric shocks. (rElec)
You can survive without breathing.
You are immune to petrification.
You are immune to rotting.


Message History

You hear some strange, mumbled words.
A puff of flame appears from out of thin air!
The puff of flame hits you.
* * * LOW HITPOINT WARNING * * *
You closely miss something.
Something hits you but does no damage. x2
Evoke which item? (* to show all) (? for menu, Esc to quit)
That's the wrong kind of item! (Use * to select it.) Evoke which item? (* to show all) (? for menu, Esc to quit)
Evoke which item? (* to show all) (? for menu, Esc to quit)
Aiming: Random Effects
Press: ? - help, Shift-Dir - straight line, f - orc
Aim: an orc, wielding a +1 flail of protection and wearing a +0 leather armour (lightly wounded) Nothing appears to happen.
Something hits you but does no damage.
Evoke which item? (* to show all) (? for menu, Esc to quit)
Aiming: Random Effects
Press: ? - help, Shift-Dir - straight line, f/p - orc
Aim: an orc, wielding a +1 flail of protection and wearing a +0 leather armour (lightly wounded)
The fireball explodes!
The fireball engulfs something!
The fireball engulfs you!
You die...

.##......#..##
......>.......
.##........####
.............<.
#...#.....).####
##.......#......#
...
....#.###...##.#
#.#
#.[.#.####o.##
#.#
#...#.<.@{o..#
#.#
#...#.#####..#
#.# #...#.# #..##
#.####.....#
#...#
#....#...###
##..####
#....#.###
#...#.#
###....#.#
#.....#
#<.......#
##....#
####....#.#
#....###


You could see 2 orcs.

Vanquished Creatures
  2 hounds (D:4)
  6 orc wizards (D:4)
  Crazy Yiuf (D:3)
  An iguana (D:4)
  Ijyb (D:3)
  A worker ant (D:4)
  5 adders
  6 worms
  A dart slug (D:2)
  3 orcs
  A ball python (D:1)
  9 bats
  3 giant cockroaches
  3 goblins
  5 hobgoblins
  2 jackals (D:3)
  9 kobolds
  2 quokkas
  3 frilled lizards
  7 rats
71 creatures vanquished.

Notes
Turn   | Place    | Note
-------+----------+-------------------------------------------
     0 | D:1      | rutigerpupkin the Gargoyle Earth Elementalist began the
                  | quest for the Orb.
     0 | D:1      | Reached XP level 1. HP: 10/10 MP: 3/3
   383 | D:1      | Reached XP level 2. HP: 9/16 MP: 3/5
   526 | D:1      | Reached skill level 4 in Earth Magic
  1193 | D:2      | Reached skill level 1 in Fighting
  1341 | D:2      | Reached XP level 3. HP: 10/20 MP: 4/6
  1621 | D:2      | Found a blossoming altar of Fedhas.
  1695 | D:2      | Found a faded altar of an unknown god.
  2069 | D:3      | Found a runed translucent door.
  2070 | D:3      | Noticed Crazy Yiuf
  2127 | D:3      | Reached XP level 4. HP: 24/26 MP: 7/7
  2200 | D:3      | Reached skill level 5 in Earth Magic
  2395 | D:3      | Found a burning altar of Makhleb.
  2396 | D:3      | Found a bloodstained altar of Trog.
  2493 | D:3      | Noticed Ijyb
  2558 | D:3      | Killed Ijyb
  2754 | D:3      | Reached XP level 5. HP: 15/30 MP: 5/9
  3282 | D:3      | Found an ancient bone altar of Kikubaaqudgha.
  3367 | D:3      | Killed Crazy Yiuf
  3509 | D:4      | Reached skill level 6 in Earth Magic
  3509 | D:4      | Reached XP level 6. HP: 22/36 MP: 6/10
  4119 | D:4      | Found a hide-covered altar of Uskayaw.
  4303 | D:4      | Reached skill level 7 in Earth Magic
  4303 | D:4      | Reached XP level 7. HP: 15/41 MP: 10/12
  4327 | D:4      | Killed themself with a badly aimed fireball

Illustrated notes

Levels and vault maps discovered:
D:1:      minmay_arrival_open_corners, layout_basic, hangedman_decor_opposing,
          serial_bayou_ford_a
D:2:      layout_loops_ring, fedhas_ov_isle_minmay,
          chequers_ecumenical_altar_simple_redux, kennysheep_generic_room_11
D:3:      layout_basic, minitemple, cheibrodos_sewer_entry_bend,
          uniq_crazy_yiuf_cottage, uniq_ijyb
D:4:      layout_basic, lemuel_doored_altar, lemuel_round_altar, serial_shops,
          kennysheep_little_box, first_ration, kennysheep_opposing_triangles

Skill      XL: |  1  2  3  4  5  6 |
---------------+-------------------+-----
Earth Magic    | 4 5 6 7 |  7.0
Fighting       | 1 2 3 |  3.5
Spellcasting   | 3 |  3.6
Dodging        | |  1.5
Stealth        | |  2.1
Transmutations | |  0.7

Action                   |  1- 3 |  4- 6 |  7- 9 || total
-------------------------+-------+-------+-------++-------
Melee: Unarmed           |    22 |    21 |       ||    43
       Short sword       |    25 |       |       ||    25
       Spear             |    74 |    78 |       ||   152
       Hand axe          |       |    57 |     4 ||    61
Throw: Dart              |       |    10 |       ||    10
 Cast: Sandblast         |    16 |    53 |     1 ||    70
Evoke: Wand              |       |     3 |     1 ||     4
  Use: Scroll            |       |     2 |       ||     2
 Stab: Sleeping          |     9 |     1 |       ||    10
  Eat: Chunk             |     4 |     7 |       ||    11
Armor: Robe              |    38 |    63 |     9 ||   110
Dodge: Dodged            |    83 |   101 |     6 ||   190
